Map: [ESL] Oceanborn

Players

Astrea

  • Race: Protoss Protoss
  • Spawn Location: 11:00

Oliveira - Winner!

  • Race: Terran Terran
  • Spawn Location: 5:00

Event: ESL SC2 Masters 2023 Winter (Finals)

VOD

Have the link to the VOD?

Description

Time

  • Played on: Dec. 16, 2023, 1:10 p.m.
  • Length: 9:51

All games in this series

Show
View Real Time Build Order
Export as new Build Order

Astrea Protoss 

Build Orders: 1 Gate Expand, Blink Stalkers, Dark Templar Rush 

Get SALT Encoding   

  12  0:00  Probe  
  13  0:12  Probe  
  14  0:17  Pylon  
  14  0:24  Probe (Chrono Boost)  
  16  0:36  Gateway, Probe (Chrono Boost)  
  16  0:42  Probe (Chrono Boost)  
  16  0:44  Assimilator  
  17  0:51  Probe  
  18  1:03  Probe  
  19  1:15  Probe  
  20  1:21  Nexus  
  20  1:30  Cybernetics Core  
  20  1:33  Probe  
  20  1:39  Assimilator  
  21  1:45  Probe  
  22  1:49  Pylon  
  22  1:58  Probe  
  23  2:06  Twilight Council  
  23  2:08  Adept (Chrono Boost)  
  23  2:11  Probe  
  26  2:16  Warp Gate  
  26  2:24  Probe  
  27  2:33  Stalker (Chrono Boost)  
  27  2:36  Probe x2  
  31  2:40  Pylon  
  31  2:48  Probe x2  
  33  2:58  Dark Shrine  
  33  3:00  Probe  
  33  3:02  Probe  
  35  3:10  Gateway  
  35  3:14  Probe  
  35  3:15  Shield Battery  
  35  3:18  Probe  
  37  3:20  Blink (Chrono Boost)  
  37  3:26  Probe  
  38  3:30  Probe  
  37  3:38  Probe  
  38  3:42  Gateway, Probe  
  38  3:43  Shield Battery  
  39  3:50  Probe  
  39  3:54  Probe  
  39  3:55  Assimilator  
  41  4:03  Probe  
  41  4:06  Pylon, Probe  
  41  4:09  Dark Templar x2  
  47  4:15  Probe  
  48  4:18  Probe  
  49  4:24  Pylon  
  49  4:27  Probe  
  49  4:28  Nexus  
  50  4:35  Robotics Facility  
  50  4:44  Stalker x2  
  52  4:46  Shield Battery  
  52  4:50  Stalker  
  54  5:02  Charge (Chrono Boost)  
  52  5:07  Gateway  
  52  5:08  Gateway  
  52  5:11  Probe  
  54  5:15  Gateway  
  54  5:16  Gateway  
  54  5:20  Sentry, Gateway  
  55  5:22  Observer (Chrono Boost)  
  55  5:25  Probe x2  
  55  5:28  Stalker  
  60  5:35  Observer (Chrono Boost)  
  60  5:37  Probe  
  60  5:42  Probe x2  
  64  5:43  Zealot x2  
  64  5:49  Shield Battery  
  66  5:55  Stalker  
  68  6:05  Zealot x4  
  68  6:07  Pylon  
  68  6:10  Zealot, Pylon  
  77  6:28  Zealot x5  
  77  6:31  Observer, Stalker  
  63  6:45  Pylon  
  59  6:47  Nexus  
  59  6:48  Probe x2  
  59  6:51  Assimilator  
  61  7:00  Probe  
  62  7:02  Probe  
  62  7:03  Templar Archives  
  62  7:07  Immortal (Chrono Boost)  
  63  7:11  Shield Battery  
  63  7:13  Probe  
  63  7:14  Probe  
  69  7:24  Psionic Storm  
  69  7:25  Probe  
  69  7:28  Probe  
  72  7:37  Immortal (Chrono Boost), Probe  
  72  7:43  Zealot x2  
  79  7:52  Shield Battery  
  79  7:53  Pylon  
  79  7:56  Observer, High Templar, Zealot x2  
  85  8:02  Zealot x3  
  91  8:07  High Templar  
  91  8:10  Zealot  
  95  8:19  Zealot x2  
  99  8:27  High Templar, Zealot x2  
  99  8:37  Zealot x2  
  97  8:43  Zealot x3  
  95  8:50  Zealot x2  
  80  8:59  Stalker x3  
  86  9:04  Stalker x3  
  74  9:18  Zealot x2  
  74  9:20  Probe x2  
  81  9:28  Nexus  
  81  9:29  High Templar x2  
  82  9:38  Pylon  
  82  9:41  Zealot x2  
  82  9:44  Archon  
Show
View Real Time Build Order
Export as new Build Order

Oliveira Terran - Winner!

Build Orders: Cyclone Opening 

Get SALT Encoding   

  12  0:00  SCV  
  13  0:12  SCV  
  14  0:16  Supply Depot  
  14  0:24  SCV  
  15  0:38  SCV  
  15  0:40  Barracks  
  16  0:44  Refinery  
  16  0:50  SCV  
  17  1:02  SCV  
  18  1:14  SCV  
  19  1:27  Orbital Command, Marine  
  20  1:40  Command Center  
  20  1:45  Barracks Reactor  
  20  1:53  SCV  
  21  1:54  Supply Depot  
  21  2:05  SCV  
  21  2:06  Factory  
  22  2:13  Refinery  
  22  2:17  SCV  
  22  2:22  Marine x2  
  25  2:29  SCV  
  26  2:39  Marine x2  
  26  2:41  SCV  
  29  2:49  Cyclone  
  29  2:50  Starport  
  31  2:53  Orbital Command  
  31  2:57  SCV  
  32  3:01  Marine  
  33  3:09  Barracks, SCV  
  34  3:19  SCV  
  35  3:21  SCV, Marine x2  
  35  3:22  Factory Tech Lab  
  38  3:30  Starport Tech Lab  
  38  3:31  SCV  
  39  3:35  SCV  
  39  3:40  Siege Tank, Supply Depot  
  43  3:42  Supply Depot  
  43  3:48  Banshee  
  46  3:57  Barracks Tech Lab  
  46  4:01  SCV x2, Marine x2  
  50  4:06  Supply Depot  
  50  4:14  SCV  
  50  4:15  SCV  
  55  4:18  Marine  
  55  4:19  Marine x2  
  58  4:25  Combat Shield  
  58  4:28  Supply Depot, SCV  
  58  4:30  SCV  
  60  4:37  Marine, Engineering Bay  
  61  4:38  Marine  
  61  4:45  Raven, SCV  
  56  4:48  SCV  
  56  4:50  Marine  
  56  4:53  Siege Tank  
  56  4:57  SCV  
  56  4:58  Marine x2  
  62  5:04  Missile Turret  
  62  5:06  SCV  
  63  5:08  Marine  
  63  5:13  SCV  
  65  5:17  Supply Depot  
  65  5:18  SCV  
  66  5:26  Siege Tank  
  69  5:29  SCV  
  69  5:30  Marine, SCV  
  69  5:31  Marine  
  69  5:34  Marine  
  74  5:43  Barracks  
  74  5:44  Stimpack  
  74  5:53  Refinery  
  74  5:54  Supply Depot  
  74  5:55  Marine, SCV  
  73  5:58  Terran Infantry Weapons Level 1  
  72  6:04  Marine  
  72  6:09  Marine  
  74  6:13  Starport Reactor  
  74  6:16  SCV  
  74  6:18  Barracks, Factory Reactor  
  75  6:19  Barracks  
  75  6:24  Marine  
  76  6:31  Marine  
  76  6:32  SCV  
  71  6:36  Marine  
  71  6:38  Marine  
  62  6:42  Marine  
  62  6:44  SCV  
  62  6:45  SCV  
  58  6:49  Bunker  
  58  6:51  Concussive Shells  
  58  6:54  Marauder  
  58  6:56  SCV  
  58  6:57  Supply Depot, SCV  
  58  6:58  Marauder, Marine  
  58  6:59  Widow Mine x2  
  58  7:00  Supply Depot  
  69  7:03  Marine  
  69  7:07  Barracks Reactor  
  70  7:08  SCV  
  70  7:09  SCV  
  70  7:11  Refinery  
  70  7:15  Marine, Marauder  
  75  7:16  Marine  
  75  7:20  SCV, Marauder  
  75  7:22  Widow Mine x2  
  83  7:26  SCV  
  83  7:27  Marine  
  85  7:30  Medivac  
  85  7:31  Medivac  
  85  7:34  SCV  
  90  7:38  Marauder x2  
  90  7:41  Marine  
  90  7:42  Supply Depot, Marauder  
  90  7:43  Marine  
  90  7:44  Marine  
  99  7:45  Supply Depot  
  99  7:47  Marine  
  99  7:51  Widow Mine x2  
  104  7:59  Marine  
  104  8:00  Marauder x2  
  104  8:02  Marine  
  104  8:04  Marauder, Marine  
  113  8:09  Command Center  
  113  8:10  Supply Depot  
  113  8:14  Marine  
  113  8:17  Medivac  
  116  8:21  Marine, Marauder  
  116  8:22  Marauder  
  118  8:32  Marauder, Marine x2  
  118  8:35  Marine  
  118  8:39  Marine  
  118  8:40  Medivac  
  120  8:44  Widow Mine  
  120  8:47  Medivac  
  118  8:49  Marine x2  
  118  8:50  Marauder  
  118  8:52  Marine  
  118  8:54  Marauder  
  117  8:58  Marine  
  108  9:03  SCV  
  108  9:08  Marauder  
  108  9:10  Medivac  
  108  9:15  Marine x2  
  108  9:16  Marauder  
  103  9:17  Medivac  
  103  9:22  Marine  
  103  9:23  Marine  
  106  9:24  Widow Mine x2  
  102  9:32  SCV  
  102  9:34  Ghost Academy  
  102  9:35  Missile Turret  
Tags
 
Add a new tag
Caveats
  • Supply blocks, unpowered buildings, or Contaminate may cause inaccurate times.
  • Supply counts are checked every 10 seconds.